AoeStats
← 2-ray

Arena

506083957Analyzed
4v4 RM · 19d ago on Sep 12, 2026· 24m 19s· 8 players
Game mode
Random Map
Map size
Large (8 player)
Population
200
Speed
Normal
Resources
Standard
Victory
Conquest
Starting age
Dark Age
Ending age
Imperial Age
RankedLock teamsTeams togetherTeam positionsShared explorationLock speedFull tech treeHidden civsTurbo modeCheats
Victory
Defeat
🇦🇷 Spanish · Argentina
1474
+15
🇹🇼 Romans · Taiwan
1450
+16
🇮🇳 Slavs · India
1439
+17
🇪🇸 Persians · Spain
1394
+18
🇺🇸 Turks · United States
1469
-17
🇲🇽 Huns · Mexico
1466
-17
🇷🇺 Italians · Russia
1456
-17
🇩🇪 Lithuanians · Germany
1421
-15
KIRA
10:45 Feudal Age
15:09 Castle Age
13:12 Horse Collar
14:41 Double-Bit Axe
15:49 Heavy Plow
15:46 Town Watch
19:09 Loom
21:50 Stone Mining
23:10 Wheelbarrow
24:12 Hand Cart
23:50 Gold Mining
XxBuzzXx
6:50 Loom
9:43 Feudal Age
10:21 Double-Bit Axe
10:19 Horse Collar
15:30 Wheelbarrow
19:11 Castle Age
17:49 Bloodlines
21:06 Husbandry
23:49 Bow Saw
24:01 Heavy Plow
菜就怪隊友
8:21 Loom
10:41 Feudal Age
14:59 Castle Age
13:02 Double-Bit Axe
22:58 Fletching
24:36 Wheelbarrow
Mini Rich pakt
11:08 Feudal Age
14:52 Castle Age
13:27 Double-Bit Axe
15:46 Horse Collar
19:03 Loom
21:01 Town Watch
22:51 Wheelbarrow
22:31 Bow Saw
Morningstar
11:45 Feudal Age
12:09 Horse Collar
12:15 Double-Bit Axe
12:25 Gold Mining
13:36 Loom
17:48 Castle Age
16:51 Fletching
17:31 Bloodlines
18:26 Bodkin Arrow
18:33 Husbandry
19:59 Padded Archer Armor
VX | El Venenudo
11:01 Feudal Age
14:45 Castle Age
13:53 Double-Bit Axe
13:50 Horse Collar
15:45 Bow Saw
19:40 Loom
21:17 Wheelbarrow
SHell | SergoDrat
11:56 Feudal Age
15:39 Castle Age
13:44 Double-Bit Axe
13:40 Horse Collar
17:29 Bow Saw
22:44 Wheelbarrow
24:02 Fletching
2-ray
11:15 Feudal Age
12:13 Double-Bit Axe
14:53 Castle Age
13:12 Horse Collar
19:51 Fervor
21:34 Loom
22:36 Gold Mining
Connection lost

Rejoining the realm…

Still unreachable

The connection could not be restored.

Session expired

The server has moved on; the page needs a fresh start.